 Dungeon Crawl Stone Soup version 0.28.0-53-g5a82cb258f (webtiles) character file.

Game seed: 15824820414938420003

116 H0rd4k the Charlatan (level 5, 0/38 HPs)
             Began as a Human Artificer on June 23, 2022.
             Killed from afar by an orc wizard (9 damage)
             ... with a magic dart
             ... on level 3 of the Dungeon.
             The game lasted 00:03:21 (4271 turns).

H0rd4k the Charlatan (Human Artificer)              Turns: 4271, Time: 00:03:22

Health: 0/38       AC:  3    Str: 18    XL:     5   Next: 21%
Magic:  5/5        EV: 12    Int: 14    God:
Gold:   79         SH:  0    Dex: 13    Spells: 4/4 levels left

rFire   . . .      SeeInvis .   t - +1 dagger (venom)
rCold   + . .      Faith    .   (no shield)
rNeg    . . .      Spirit   .   b - +0 leather armour
rPois   .          Reflect  .   (no helmet)
rElec   .          Harm     .   (no cloak)
rCorr   .          Rampage  .   (no gloves)
Will    .....                   (no boots)
Stlth   +.........              (no amulet)
HPRegen 0.12/turn               o - +6 ring of strength
MPRegen 0.09/turn               i - ring of protection from cold

@: lethally poisoned (0 -> -9), flying
A: no striking features
a: no special abilities


You were on level 3 of the Dungeon.
You visited 1 branch of the dungeon, and saw 3 of its levels.

You collected 79 gold pieces.

Inventory:

Hand Weapons
 a - a +0 club
 t - a +1 dagger of venom (weapon)
Missiles
 g - 6 poisoned darts (quivered)
Armour
 b - a +0 leather armour (worn)
Jewellery
 i - a ring of protection from cold (right hand)
 o - a +6 ring of strength (left hand)
Wands
 c - a wand of flame (31)
 d - a wand of charming (11)
 r - a wand of mindburst (5)
Scrolls
 h - 3 scrolls of identify {unknown}
 j - a scroll of amnesia {unknown}
 k - a scroll of immolation {unknown}
 m - a scroll of fog {unknown}
 p - a scroll of teleportation {unknown}
 v - a scroll of magic mapping {unknown}
Potions
 f - a potion of magic {unknown}
 n - a potion of flight
 q - a potion of attraction {unknown}
 s - a potion of degeneration {unknown}
 u - a potion of resistance {unknown}
Miscellaneous
 e - a piece from Xom's chessboard (15/15)


   Skills:
 + Level 1.9 Fighting
 + Level 2.3 Maces & Flails
 - Level 2.0 Armour
 + Level 1.8 Dodging
 - Level 1.0 Stealth
 + Level 4.1 Evocations


You had 4 spell levels left.
You didn't know any spells.
Your spell library contained the following spells:

 Spells                   Type           Power      Damage    Failure   Level
 Frozen Ramparts          Ice            0%         1d2       71%         3
 Ice Form                 Ice/Tmut       0%         N/A       98%         4
 Summon Ice Beast         Ice/Summ       0%         N/A       98%         4


Dungeon Overview and Level Annotations

Branches:
Dungeon (3/15)

Altars:
Hepliaklqana

Shops:
D:1 =(

Annotations:
D:3 Ijyb


Message History

The magic dart hits you!
You closely miss something. Something hits you but does no damage.
You are poisoned.
You hit something.
You feel sick. Something hits you.
You are more poisoned.
You barely miss something.
You feel very sick. Something hits you.
You are more poisoned.
You closely miss something.
You feel very sick.
You hear some strange, mumbled words.
A puff of flame appears from out of thin air!
The puff of flame misses you.
You miss something.
You feel very sick.
You hear some strange, mumbled words.
A puff of flame appears from out of thin air!
The puff of flame hits you.
* * * LOW HITPOINT WARNING * * *
You barely miss something.
* * * LOW HITPOINT WARNING * * *
You feel sick. Something hits you but does no damage.
You are more poisoned.
It was a potion of flight.
You feel very buoyant.
You fly up into the air.
* * * LOW HITPOINT WARNING * * *
You feel very sick. Something hits you but does no damage.
It was a potion of curing.
You feel better. Something hits you but does no damage.
You are lethally poisoned!
You hit something.
* * * LOW HITPOINT WARNING * * *
You feel very sick.
You hear some strange, mumbled words.
A magic dart appears from out of thin air!
The magic dart hits you!
You die...

.####. ####.#....#### .....
..........'... #.#.#
#####....#### . ###.#.#
#####....# ## #.#......
#....†#### .. ........# #.###.#
.# #.......# #.# #.### ###.#
........######.###.#<#
..?#.##.....o{@..##...#.#.#
#.÷..##..###.###.#..#.#.#.# #÷#
... #[....#..#.#†#.# #.# .
#[##.....#.#.#.# #.######.
#.....#<##.#.#.##### # #........
#.#####..(.#.)...... #.#<.#####.#
#..).....######.###. #.##........
#..###....(.......#.
#...#######.##..###..###########.


You could see an orc.

Vanquished Creatures
  3 adders
  A white imp (D:3)
  4 dart slugs
  6 ball pythons (D:1)
  7 endoplasms
  3 giant cockroaches
  3 goblins
  8 hobgoblins
  4 jackals (D:3)
  7 kobolds
  A quokka (D:1)
  4 bats
  6 frilled lizards
  3 rats
60 creatures vanquished.

Vanquished Creatures (collateral kills)
  An adder (D:3)
  An orc (D:3)
2 creatures vanquished.

Vanquished Creatures (others)
  An orc wizard (D:3)
  A frilled lizard (D:2)
2 creatures vanquished.

Grand Total: 64 creatures vanquished

Notes
Turn   | Place    | Note
-------+----------+-------------------------------------------
     0 | D:1      | H0rd4k the Human Artificer began the quest for the Orb.
     0 | D:1      | Reached XP level 1. HP: 15/15 MP: 1/1
   167 | D:1      | Reached XP level 2. HP: 14/21 MP: 2/2
   393 | D:1      | Found Atebaysch's Jewellery Shoppe.
   812 | D:1      | Found Exzirari's Antique Weapon Boutique.
   819 | D:1      | Reached XP level 3. HP: 21/26 MP: 3/3
  1024 | D:1      | Found a faded altar of an unknown god.
  1389 | D:1      | Reached skill level 4 in Evocations
  1829 | D:2      | Reached skill level 1 in Maces & Flails
  1950 | D:2      | Reached XP level 4. HP: 7/32 MP: 4/4
  2577 | D:2      | Found a hazy altar of Hepliaklqana.
  3532 | D:3      | Reached XP level 5. HP: 16/38 MP: 5/5
  3563 | D:3      | Noticed Ijyb
  4271 | D:3      | Killed from afar by an orc wizard

Illustrated notes

Levels and vault maps discovered:
D:1:      wander_arrival_estate, layout_basic,
          nicolae_ecumenical_snake_handling, serial_shops, shop_fountains, shop
D:2:      layout_basic, basic_altar
D:3:      layout_basic, uniq_ijyb

Skill      XL: |  1  2  3  4 |
---------------+-------------+-----
Evocations     | 4 |  4.1
Maces & Flails | 1 2 |  2.3
Fighting       | |  1.9
Armour         | |  2.0
Dodging        | |  1.8
Stealth        | |  1.0

Action                   |  1- 3 |  4- 6 || total
-------------------------+-------+-------++-------
Melee: Club              |   124 |   118 ||   242
       Punch             |     1 |       ||     1
       Dagger            |       |    10 ||    10
Evoke: Wand              |     3 |     3 ||     6
  Use: Potion            |       |     2 ||     2
 Stab: Sleeping          |       |     2 ||     2
Armor: Leather armour    |    46 |    34 ||    80
Dodge: Dodged            |    93 |    80 ||   173
